cohdb
Replays
Latest Replays
All Replays
Popular Replays
Top Player Replays
Match Explorer
How It Works
Community
CoH3 Stats
Reddit
Sign in to upload your games and track your stats! →
Sign in with Steam
Match 47393225
Unlisted
Match 47393225
Overview
Messages
Build Orders
End
Construct Infanterie Kompanie
MG 42 Machine Gun Team
Grenadier Squad
Grenadier Squad
Grenadier Squad
Construct Panzergrenadier Kompanie
Panzergrenadier Squad
Panzergrenadier Squad
Medical Station
MG 42 Machine Gun Team
Panzergrenadier Officer Quarters
Construct Panzer Kompanie
Sturmpanzer IV Brummbär
Selects Terror Battlegroup
Selects Contempt for the Weak
Selects Jericho Trumpet
Selects V1 Rocket Strike
Jericho Trumpet
Selects Machine Gun Camouflage
Selects Defend the Fatherland
Sturmpanzer IV Brummbär
Sturmpanzer IV Brummbär
Side Skirts
Infanterie Officer Quarters
Panzer Officer Quarters
Prime
raven182
Меткић'94
Grom
Phan
kamacura
corncobber5
76561198070384079
0
0
Comments
sign in to comment!
No comments posted yet!